Map: Newkirk Precinct TE (Void)

Players

IIIIIIIIII

  • Race: Protoss Protoss
  • League: Master
  • Spawn Location: 5:00

Railgan - Winner!

  • Race: Zerg Zerg
  • League: Grandmaster
  • Spawn Location: 7:00

VOD

Have the link to the VOD?

Description

Time

  • Played on: March 18, 2017, 5:23 p.m.
  • Length: 12:23
Show
View Real Time Build Order
Export as new Build Order

IIIIIIIIII Protoss 

Build Orders: 1 Gate Expand, Zealot Archon, Dark Templar Rush 

Get SALT Encoding   

  12  0:00  Probe (Chrono Boost)  
  13  0:11  Probe (Chrono Boost)  
  14  0:22  Pylon, Probe (Chrono Boost)  
  15  0:40  Probe (Chrono Boost)  
  16  0:43  Gateway  
  16  0:45  Assimilator  
  16  0:50  Probe (Chrono Boost)  
  17  1:01  Probe (Chrono Boost)  
  18  1:11  Probe (Chrono Boost)  
  19  1:22  Probe (Chrono Boost)  
  20  1:32  Nexus  
  20  1:44  Cybernetics Core  
  20  1:47  Probe (Chrono Boost)  
  21  1:56  Assimilator  
  21  1:58  Probe (Chrono Boost)  
  22  2:02  Pylon  
  22  2:09  Probe (Chrono Boost)  
  23  2:17  Adept  
  23  2:20  Warp Gate  
  25  2:28  Twilight Council  
  25  2:33  Probe (Chrono Boost)  
  26  2:40  Stalker  
  26  2:48  Probe x2 (Chrono Boost)  
  31  2:59  Probe (Chrono Boost)  
  31  3:00  Probe (Chrono Boost)  
  32  3:09  Probe (Chrono Boost)  
  32  3:12  Probe (Chrono Boost)  
  35  3:20  Robotics Facility, Probe (Chrono Boost)  
  35  3:24  Probe (Chrono Boost)  
  36  3:30  Probe (Chrono Boost)  
  36  3:34  Adept  
  37  3:36  Probe (Chrono Boost)  
  39  3:51  Mothership Core (Chrono Boost), Probe (Chrono Boost)  
  39  3:52  Assimilator  
  39  3:55  Gateway  
  41  3:56  Gateway  
  41  3:59  Dark Shrine  
  41  4:04  Pylon  
  41  4:09  Probe x2 (Chrono Boost)  
  43  4:15  Assimilator  
  43  4:19  Pylon  
  43  4:21  Probe (Chrono Boost)  
  44  4:31  Probe (Chrono Boost)  
  44  4:32  Warp Prism  
  44  4:38  Probe (Chrono Boost)  
  47  4:41  Gateway  
  47  4:43  Gateway  
  47  4:46  Probe (Chrono Boost)  
  48  4:57  Probe (Chrono Boost)  
  49  5:02  Probe (Chrono Boost)  
  50  5:08  Probe (Chrono Boost)  
  50  5:11  Dark Templar x3  
  50  5:13  Probe (Chrono Boost)  
  58  5:17  Observer  
  58  5:18  Probe (Chrono Boost)  
  60  5:23  Probe (Chrono Boost)  
  60  5:24  Nexus  
  61  5:29  Pylon  
  61  5:31  Pylon  
  61  5:34  Probe (Chrono Boost)  
  61  5:44  Probe (Chrono Boost)  
  62  5:54  Pylon  
  62  5:58  Pylon  
  62  6:04  Pylon  
  62  6:11  Warp Prism  
  62  6:12  Gateway, Probe (Chrono Boost)  
  62  6:14  Gateway  
  65  6:21  Sentry  
  65  6:23  Dark Templar  
  65  6:24  Dark Templar x2  
  65  6:25  Dark Templar  
  75  6:28  Archon x3  
  75  6:30  Probe (Chrono Boost)  
  76  6:40  Gateway  
  76  6:41  Pylon  
  76  6:45  Dark Templar  
  78  6:51  Pylon, Archon  
  77  6:54  Pylon  
  77  7:00  Pylon  
  60  7:01  Pylon, Resonating Glaives  
  77  7:04  Gateway  
  77  7:06  Dark Templar x2  
  77  7:07  Adept x2  
  85  7:09  Archon  
  85  7:16  Dark Templar  
  87  7:23  Adept x2  
  87  7:41  Immortal  
  91  7:44  Adept x5  
  91  7:45  Adept  
  101  8:05  Dark Templar x2  
  103  8:06  Adept x2  
  103  8:09  Adept x2  
  79  8:22  Dark Templar  
  79  8:23  Adept x2  
  79  8:24  Adept x2  
  75  8:34  Warp Prism  
  75  8:36  Nexus  
  75  8:38  Pylon x2  
  75  8:39  Pylon, Adept x2  
  77  8:44  Dark Templar, Adept  
  77  8:45  Adept x2  
  85  8:50  Adept x2  
  87  9:09  Pylon, Adept x2  
  91  9:10  Adept x3  
  97  9:17  Immortal  
  101  9:24  Pylon  
  101  9:26  Pylon  
  101  9:35  Dark Templar  
  103  9:38  Adept x2  
  103  9:39  Adept, Archon  
  109  10:01  Immortal  
  109  10:03  Adept  
  109  10:04  Adept x3  
  115  10:14  Adept x3  
  115  10:20  Probe (Chrono Boost)  
  123  10:21  Probe (Chrono Boost)  
  119  10:29  Adept  
  119  10:30  Adept  
  123  10:37  Warp Prism, Dark Templar  
  123  10:40  Dark Templar  
  129  10:45  Adept, Archon  
  131  10:50  Sentry x2  
  121  11:06  Adept x4  
  121  11:09  Adept x2  
  129  11:14  Adept x2  
  133  11:21  Adept  
  135  11:27  Adept x3  
  141  11:41  Sentry x2  
  143  11:51  Adept  
  143  11:52  Adept x4  
  113  12:10  Adept x2  
Show
View Real Time Build Order
Export as new Build Order

Railgan Zerg - Winner!

Build Orders: Hatch First, Lurkers 

Get SALT Encoding   

  12  0:02  Drone  
  13  0:14  Overlord  
  13  0:19  Drone  
  14  0:35  Drone x2  
  16  0:36  Drone  
  17  0:48  Drone  
  18  1:00  Drone  
  19  1:07  Hatchery  
  18  1:14  Extractor  
  18  1:17  Spawning Pool  
  16  1:20  Drone  
  16  1:23  Drone  
  18  1:30  Drone  
  19  1:41  Drone  
  20  1:55  Hatchery  
  20  1:58  Drone  
  20  2:05  Queen  
  22  2:19  Queen  
  22  2:20  Drone x2  
  26  2:25  Metabolic Boost  
  26  2:32  Overlord  
  26  2:35  Zergling x2  
  27  2:39  Zergling x2  
  28  2:44  Evolution Chamber  
  28  2:49  Overlord  
  27  2:53  Drone  
  28  3:00  Zergling x4  
  30  3:09  Drone x3  
  33  3:15  Queen  
  35  3:28  Drone  
  35  3:29  Drone x2  
  35  3:32  Drone  
  35  3:33  Drone  
  40  3:38  Drone  
  40  3:39  Drone x2  
  42  3:47  Drone x4  
  45  3:49  Drone  
  46  3:57  Zerg Melee Weapons Level 1  
  46  4:01  Lair  
  46  4:02  Drone  
  47  4:07  Drone x2  
  47  4:08  Drone  
  47  4:09  Overlord  
  50  4:12  Overlord  
  50  4:22  Overlord  
  50  4:27  Queen x2  
  50  4:30  Drone x2  
  50  4:31  Drone x2  
  56  4:33  Drone x2  
  56  4:36  Drone  
  56  4:37  Drone  
  60  4:39  Overlord  
  60  4:43  Zergling x8  
  64  4:46  Zergling x4  
  64  4:50  Zergling x4  
  68  4:55  Zergling x6  
  68  4:56  Zergling x4  
  68  4:59  Overlord  
  73  5:04  Zergling x6  
  76  5:12  Hydralisk Den  
  76  5:13  Zergling x12  
  81  5:15  Zergling x2  
  81  5:19  Zergling x2  
  81  5:20  Queen  
  85  5:21  Overlord  
  85  5:24  Queen  
  87  5:29  Queen  
  87  5:33  Zergling x2  
  87  5:34  Overlord  
  90  5:44  Zergling x4  
  90  5:45  Zergling x10  
  90  5:48  Overseer  
  95  5:54  Zergling x10  
  100  6:03  Drone  
  100  6:04  Drone x4  
  105  6:12  Overlord, Muscular Augments  
  105  6:13  Extractor x2  
  105  6:14  Overlord  
  105  6:17  Overlord x2  
  103  6:24  Overlord  
  103  6:26  Drone  
  103  6:27  Drone, Overlord  
  103  6:41  Hatchery  
  103  6:42  Drone x9  
  111  6:47  Zerg Melee Weapons Level 2  
  111  6:51  Drone x6  
  111  6:53  Extractor  
  116  6:54  Drone  
  116  6:55  Extractor, Drone  
  116  6:56  Extractor  
  116  6:59  Baneling Nest  
  115  7:05  Overlord  
  115  7:07  Drone x2  
  117  7:16  Hydralisk  
  117  7:17  Hydralisk x2  
  123  7:25  Hydralisk x2  
  123  7:26  Hydralisk  
  123  7:28  Hydralisk  
  127  7:30  Hydralisk  
  127  7:34  Overlord, Zergling x2  
  127  7:35  Zergling x10  
  126  7:42  Zergling x2  
  126  7:43  Overseer  
  123  7:52  Hydralisk  
  123  7:53  Zergling x2  
  123  7:54  Baneling, Zergling x14  
  123  7:55  Baneling x5  
  128  8:03  Hydralisk  
  129  8:11  Hydralisk x2  
  111  8:14  Zergling x2  
  111  8:15  Zergling x2  
  111  8:17  Zergling x4  
  105  8:21  Hydralisk  
  105  8:22  Hydralisk  
  105  8:25  Drone  
  107  8:29  Extractor x2, Queen  
  107  8:35  Drone  
  107  8:36  Drone  
  107  8:39  Pneumatized Carapace  
  107  8:40  Zergling x2  
  107  8:41  Zergling x2  
  111  8:44  Hatchery  
  111  8:45  Hydralisk  
  111  8:47  Zergling x2  
  113  8:49  Baneling  
  113  8:50  Baneling x5, Zergling x2  
  111  8:56  Hatchery  
  99  9:02  Zergling x2  
  99  9:03  Zergling x8  
  103  9:15  Centrifical Hooks  
  103  9:16  Hydralisk  
  103  9:17  Hydralisk  
  103  9:18  Zergling x8  
  103  9:22  Zergling x2  
  103  9:23  Overlord  
  112  9:27  Hydralisk  
  112  9:29  Zergling x2  
  115  9:31  Zergling x2  
  115  9:33  Lurker Den  
  115  9:35  Zergling x6  
  115  9:36  Baneling  
  115  9:37  Baneling  
  119  9:39  Drone  
  119  9:40  Drone  
  121  9:46  Zergling x2  
  121  9:47  Zergling x6  
  121  9:51  Zergling x2  
  121  9:52  Zergling x4  
  125  9:54  Drone  
  125  9:55  Drone  
  125  9:56  Drone x2  
  126  10:02  Drone  
  127  10:12  Hydralisk x6  
  127  10:13  Hydralisk x2  
  141  10:14  Drone  
  141  10:15  Drone x2  
  141  10:16  Zergling x2  
  145  10:23  Zergling x10  
  145  10:24  Zergling x2  
  150  10:28  Baneling  
  150  10:29  Baneling x11  
  150  10:30  Zergling x6  
  150  10:31  Zergling x4  
  150  10:33  Zergling x2  
  156  10:36  Zergling x2  
  156  10:37  Overlord  
  157  10:43  Overlord x2  
  157  10:45  Overlord  
  157  10:47  Overlord  
  157  10:53  Overlord x2  
  148  11:06  Zergling x28  
  161  11:12  Baneling x11  
  161  11:15  Lurker x2  
  161  11:16  Lurker  
  164  11:21  Lurker  
  164  11:22  Lurker x2  
  164  11:23  Zergling x6  
  170  11:29  Zergling x2  
  170  11:30  Baneling x4  
  170  11:31  Baneling x3  
  168  11:52  Hydralisk  
  168  11:53  Hydralisk x2  
  172  11:55  Hydralisk  
  172  11:56  Hydralisk x5  
  172  11:57  Zergling x2  
Tags
 
Add a new tag
Caveats
  • Supply blocks, unpowered buildings, or Contaminate may cause inaccurate times.
  • Supply counts are checked every 10 seconds.